 Dungeon Crawl Stone Soup version 0.28.0-49-g6dfe1f597d (webtiles) character file.

Game seed: 6121150342565842553

374 101zpm the Magician (level 7, -5/45 HPs)
             Began as a Djinni Fire Elementalist on May 11, 2022.
             Killed from afar by a white imp (7 damage)
             ... with a puff of frost
             ... summoned by Natasha
             ... on level 3 of the Dungeon.
             The game lasted 00:03:47 (4866 turns).

101zpm the Magician (Djinni Fire Elementalist)      Turns: 4866, Time: 00:03:48

Health: -5/45      AC:  2    Str:  7    XL:     7   Next: 3%
Gold:   129        EV: 12    Int: 19    God:
                   SH:  0    Dex: 13

rFire   + + .      SeeInvis .   (no weapon)
rCold   x . .      Faith    .   (no shield)
rNeg    . . .      Spirit   .   a - +0 robe
rPois   ∞          Reflect  .   (no helmet)
rElec   .          Harm     .   (no cloak)
rCorr   .          Rampage  .   (no gloves)
Will    .....                   (boots unavailable)
Stlth   ++........              (no amulet)
HPRegen 0.15/turn               (no ring)
MPRegen 0.00/turn               (no ring)

@: flying, slowed, very slow
A: sickness immunity, fire resistance 2, cold vulnerability 1, float, innate
caster, HP casting, extra vitality 1
a: no special abilities


You were on level 3 of the Dungeon.
You visited 1 branch of the dungeon, and saw 3 of its levels.

You collected 129 gold pieces.

Inventory:

Hand Weapons
 e - the +0 hand axe of a volcano {drain, +Blink rElec rC-}
   (You found it on level 2 of the Dungeon)

   A truly terrible weapon, it drains the life of any living foe it strikes.
   rC:        It makes you vulnerable to cold.
   rElec:     It insulates you from electricity.
   +Blink:    It lets you blink.
Armour
 a - a +0 robe (worn)
Scrolls
 b - 2 scrolls of enchant weapon {unknown}
 d - a scroll of fog {unknown}
 f - a scroll of fear {unknown}
 g - a scroll of magic mapping {unknown}
 j - a scroll of identify {unknown}
 k - 2 scrolls of teleportation {unknown}
Potions
 c - a potion of cancellation {unknown}
 h - 2 potions of heal wounds {unknown}
 i - a potion of brilliance {unknown}


   Skills:
 + Level 2.3 Dodging
 + Level 2.5 Stealth
 + Level 5.3 Spellcasting


You couldn't memorise any spells.
You knew the following spells:

 Your Spells              Type           Power      Damage    Failure   Level
a - Foxfire               Conj/Fire      100%       2x1d9     1%          1
b - Scorch                Fire           50%        2d8       1%          2
c - Conjure Flame         Conj/Fire      25%        6-21      4%          3
d - Inner Flame           Hex/Fire       25%        N/A       4%          3
e - Flame Wave            Conj/Fire      25%        2d7       14%         4
f - Slow                  Hex            100%       N/A       1%          1
g - Corpse Rot            Necr/Air       50%        N/A       1%          2
h - Portal Projectile     Hex/Tloc       50%        N/A       4%          3
Your spell library was empty.

Dungeon Overview and Level Annotations

Branches:
Dungeon (3/15)

Altars:

Annotations:
D:3 Natasha


Innate Abilities, Weirdness & Mutations

You are immune to sickness and miasma.
You are immune to poison.
Your flesh is very heat resistant. (rF++)
You are vulnerable to cold. (rC-)
You float through the air rather than walking.
You learn spells naturally, not from books.
Your magical power is your life essence.
You have superior vitality. (+4 MHP)


Message History

Confirm with . or Enter, or press ? or * to list all spells.
Flames lash the bat.
The bat is burned terribly!
You kill the bat!
* * * LOW HITPOINT WARNING * * *
The bat hits you.
* * * LOW HITPOINT WARNING * * *
Casting: Scorch (safe; 1% risk of failure)
Confirm with . or Enter, or press ? or * to list all spells.
Flames lash the bat.
You kill the bat!
* * * LOW HITPOINT WARNING * * *
You are too injured to fight recklessly!
Natasha, Servant of Life and Death comes into view.
Casting: Scorch (safe; 1% risk of failure)
Confirm with . or Enter, or press ? or * to list all spells.
Flames lash Natasha but do no damage.
Natasha hisses angrily.
* * * LOW HITPOINT WARNING * * *
Natasha stares at you and mumbles some strange words.
You feel yourself slow down.
j - a scroll labelled ONOAVU WAPTU;
k - 2 scrolls labelled ASYTOS BOKA You now have 129 gold pieces (gained 15).
Items here: ))) [ †.
Natasha closely misses you. Natasha closely misses you.
Natasha mumbles some strange words.
Casting: Foxfire (safe; 1% risk of failure)
Press: ? - help, Q - select action, (/) - cycle Dir - look around, f - activate You conjure some foxfire!
* * * LOW HITPOINT WARNING * * *
The white imp gestures at you. The puff of frost misses you.
The puff of frost hits your foxfire! Natasha claws you but does no damage.
The foxfire hits the white imp.
The white imp is lightly wounded.
The foxfire hits the white imp!
The white imp is burned terribly!
The white imp is severely wounded.
The white imp gestures at you. The puff of frost hits you!
You feel a terrible chill!
You die...

..'.....#h.............<..+....
..#.##.###.########....####....
# #.# ##.## #.#.## ##... ..#
##.# #.### ##.. #.#
##)#######.#### ##. #.
#...##........# ## #
#.##h######.##.# # #.###5.§##
#.##.######## ..# #...@.#
#............ ###
#.......#####.###.#.#.
##.....######.# #.#... ##...##
#....# #.#.#. ##### ####.#
#.#.#. #.###.#.#. #.........
#######... ####


You could see Natasha and a white imp (summoned).

Vanquished Creatures
  Sigmund (D:3)
  2 vampire bats (D:3)
  Natasha (D:3)
  4 adders
  3 dart slugs
  3 orcs (D:3)
  3 ball pythons
  13 bats
  10 endoplasms
  A giant cockroach (D:2)
  4 hobgoblins
  3 jackals (D:2)
  A quokka (D:1)
  4 frilled lizards
  7 goblins
  5 kobolds
  6 rats
71 creatures vanquished.

Vanquished Creatures (collateral kills)
  18 foxfires (D:1)
18 creatures vanquished.

Vanquished Creatures (others)
  359 foxfires
359 creatures vanquished.

Grand Total: 448 creatures vanquished

Notes
Turn   | Place    | Note
-------+----------+-------------------------------------------
     0 | D:1      | 101zpm the Djinni Fire Elementalist began the quest for the
                  | Orb.
     0 | D:1      | Reached XP level 1. HP: 15/15 MP: 0/0
   328 | D:1      | Reached XP level 2. HP: 15/21 MP: 0/0
  1181 | D:1      | Reached skill level 3 in Spellcasting
  1410 | D:1      | Reached XP level 3. HP: 18/25 MP: 0/0
  1410 | D:1      | Learned a level 1 spell: Slow
  2802 | D:2      | Reached XP level 4. HP: 24/31 MP: 0/0
  2900 | D:2      | Identified the +0 hand axe of a volcano {drain, +Blink
                  | rElec rC-}
  4253 | D:3      | Noticed Sigmund
  4258 | D:3      | Killed Sigmund
  4259 | D:3      | Reached skill level 4 in Spellcasting
  4259 | D:3      | Reached XP level 5. HP: 27/35 MP: 0/0
  4259 | D:3      | Learned a level 2 spell: Corpse Rot
  4259 | D:3      | Reached XP level 6. HP: 31/40 MP: 0/0
  4344 | D:3      | Noticed Natasha
  4347 | D:3      | Killed Natasha
  4348 | D:3      | Reached skill level 5 in Spellcasting
  4843 | D:3      | Reached XP level 7. HP: 10/45 MP: 0/0
  4843 | D:3      | Learned a level 3 spell: Portal Projectile
  4858 | D:3      | Noticed Natasha
  4866 | D:3      | Killed from afar by a white imp

Illustrated notes

Levels and vault maps discovered:
D:1:      heliophobic_arrival_ceremonial_halls, layout_basic, serial_forest,
          infiniplex_forest_clump_medium, infiniplex_forest_zigzag_2,
          infiniplex_forest_zigzag_1, infiniplex_forest_clump_tiny,
          infiniplex_forest_lined_room_2, infiniplex_forest_straight_2,
          infiniplex_forest_clump_curved, minmay_close_crescents
D:2:      layout_loops_cross
D:3:      layout_loops_corners, roderic_batcave, uniq_jessica, uniq_sigmund,
          uniq_grinder, uniq_natasha

Skill      XL: |  1  2  3  4  5  6 |
---------------+-------------------+-----
Spellcasting   | 3 4 5 |  5.3
Stealth        | 2 |  2.5
Dodging        | |  2.3

Action                   |  1- 3 |  4- 6 |  7- 9 || total
-------------------------+-------+-------+-------++-------
 Cast: Foxfire           |   131 |   111 |     1 ||   243
       Scorch            |     8 |    13 |     5 ||    26
       Inner Flame       |       |     1 |       ||     1
Armor: Robe              |     1 |     2 |     2 ||     5
Dodge: Dodged            |     7 |     9 |     6 ||    22
